 Dungeon Crawl Stone Soup version 0.19.5 (webtiles) character file.

6659 Azzok the Warrior (level 10, -6/118 HPs)
             Began as a Minotaur Fighter on Aug 2, 2017.
             Mangled by a gargoyle
             ... wielding a +0 morningstar
              (8 damage)
             ... on level 11 of the Dungeon.
             The game lasted 00:18:53 (10570 turns).

Azzok the Warrior (Minotaur Fighter)               Turns: 10570, Time: 00:18:54

Health: -6/118     AC: 14    Str: 19 (20) XL:     10   Next: 73%
Magic:  9/9        EV:  5    Int:  7      God:
Gold:   582        SH:  9    Dex: 16      Spells: 0 memorised, 9 levels left

rFire  . . .     SeeInvis .     G - +3 short sword of Keomum {chaos, Dex+2}
rCold  + . .     Gourm    .     g - +2 chain mail {rC+}
rNeg   . . .     Faith    .     c - +0 shield
rPois  .         Spirit   .     (helmet restricted)
rElec  .         Reflect  .     a - +2 cloak
rCorr  .         Harm     .     (no gloves)
MR     .....     Rnd*Rage +     (no boots)
Stlth  ..........               C - amulet of regeneration
                                R - +4 ring of intelligence
                                n - ring of flight

@: no status effects
A: retaliatory headbutt, horns 2, berserk 1, blurry vision 1, deterioration 1,
dopey 1, robust 1
a: Evoke Flight


You were on level 11 of the Dungeon.
You were hungry.

You visited 1 branch of the dungeon, and saw 11 of its levels.
You also visited: Sewer.

You collected 582 gold pieces.

Inventory:

Hand Weapons
 b - a +3 shortbow
 D - a +0 war axe of flaming
 G - the +3 short sword of Keomum (weapon) {chaos, Dex+2}
   (You found it on level 7 of the Dungeon)

   Each time it hits an enemy it has a different, random effect.
   It affects your dexterity (+2).
Missiles
 i - 176 arrows
Armour
 a - a +2 cloak (worn)
 c - a +0 shield (worn)
 g - a +2 chain mail of cold resistance (worn)
Jewellery
 n - a ring of flight (left hand)
 s - the brooch of Shielding {Reflect SH+8}
   (You found it on level 9 of the Dungeon)

   [amulet of reflection]

   It shields you and reflects attacks.
   It affects your SH (+8).
 C - an amulet of regeneration (around neck)
 R - a +4 ring of intelligence (right hand)
Wands
 F - a wand of lightning (6/15)
 H - a wand of paralysis (13/24)
 J - a wand of hasting (4/9)
 L - a wand of iceblast (9/15)
Scrolls
 e - 3 scrolls of fear
 k - 6 scrolls of amnesia
 m - a scroll of fog
 o - 3 scrolls of teleportation
 t - a scroll of enchant weapon
 v - a scroll of recharging
 x - 3 scrolls of enchant armour
 B - 2 scrolls of magic mapping {unknown}
 K - a scroll of remove curse {unknown}
 S - a scroll of immolation {unknown}
Potions
 h - 2 potions of berserk rage {unknown}
 j - a potion of heal wounds {unknown}
 l - 4 potions of curing {unknown}
 q - 6 potions of flight {unknown}
 r - a potion of degeneration {unknown}
 z - a potion of brilliance {unknown}
 E - 2 potions of resistance {unknown}
 O - a potion of mutation {unknown}
 P - 2 potions of cancellation {unknown}
Books
 p - a book of Misfortune

   Spells                             Type                      Level
   a - Confusing Touch                Hexes                        1
   b - Confuse                        Hexes                        3
   c - Gell's Gravitas                Hexes/Translocation          3
   d - Petrify                        Transmutation/Earth          4
   e - Metabolic Englaciation         Hexes/Ice                    5
   f - Yara's Violent Unravelling     Hexes/Transmutation          5
 y - a book of Flames

   Spells                             Type                      Level
   a - Flame Tongue                   Conjuration/Fire             1
   b - Throw Flame                    Conjuration/Fire             2
   c - Conjure Flame                  Conjuration/Fire             3
   d - Inner Flame                    Hexes/Fire                   3
   e - Sticky Flame                   Conjuration/Fire             4
   f - Fireball                       Conjuration/Fire             5
 A - a book of Minor Magic

   Spells                             Type                      Level
   a - Magic Dart                     Conjuration                  1
   b - Blink                          Translocation                2
   c - Call Imp                       Summoning                    2
   d - Repel Missiles                 Charms/Air                   2
   e - Slow                           Hexes                        2
   f - Conjure Flame                  Conjuration/Fire             3
   g - Mephitic Cloud                 Conjuration/Poison/Air       3
 I - a book of Debilitation

   Spells                             Type                      Level
   a - Corona                         Hexes                        1
   b - Slow                           Hexes                        2
   c - Gell's Gravitas                Hexes/Translocation          3
   d - Inner Flame                    Hexes/Fire                   3
   e - Cause Fear                     Hexes                        4
   f - Leda's Liquefaction            Hexes/Earth                  4
 N - a book of Conjurations

   Spells                             Type                      Level
   a - Magic Dart                     Conjuration                  1
   b - Searing Ray                    Conjuration                  2
   c - Dazzling Spray                 Conjuration/Hexes            3
   d - Fulminant Prism                Conjuration/Hexes            4
   e - Iskenderun's Mystic Blast      Conjuration                  4
   f - Iskenderun's Battlesphere      Conjuration/Charms           5
Comestibles
 d - a slice of pizza
 f - 9 bread rations {@e1}
 u - 4 meat rations {@e2}
 w - 3 beef jerkies
 M - 8 chunks of flesh {@w0}
 Q - a royal jelly


   Skills:
 * Level 16.7 Fighting
   Level 2.4 Long Blades
 + Level 7.6 Bows
 - Level 3.6 Armour
 - Level 3.6 Shields


You had 9 spell levels left.
You didn't know any spells.

Dungeon Overview and Level Annotations

Branches:
Dungeon (11/15)              Lair (0/6) D:10
 Temple: D:4-7          Orc: D:9-12

Altars:

Shops:
D:11 *


Innate Abilities, Weirdness & Mutations

You reflexively headbutt those who attack you in melee.
You have a pair of horns on your head.
You tend to lose your temper in combat.
Scrolls take you a little longer to read.
Your body sometimes deteriorates upon taking damage.
You are dopey. (Int -2)
You are robust. (+10% HP)


Message History

You take 5 damage, and have 37/118 hp.
You hit the gargoyle but do no damage.
The gargoyle is heavily damaged.
The gargoyle hits you with a morningstar.
* * * LOW HITPOINT WARNING * * *
The gargoyle hits you with a morningstar!
* * * LOW HITPOINT WARNING * * *
You take 19 damage, and have 18/118 hp.
You hit the gargoyle.
Space bends around the gargoyle.
The gargoyle is almost destroyed.
Something hits you but does no damage.
The gargoyle hurls a stone arrow at you.
The stone arrow hits you!
* * * LOW HITPOINT WARNING * * *
You take 17 damage, and have 1/118 hp.
You hit the gargoyle but do no damage.
The gargoyle is almost destroyed.
Something hits you but does no damage.
The gargoyle hits you with a morningstar!
You die...

▒▒▒▒▒▒▒▒▒▒▒▒▒
▒············
▒············
▒············
▒@··⌠·⌠······
▒9···∩·······
▒···⌠·⌠······
$··················
···················
···················
···················
···················
···················


You could see a gargoyle.

Vanquished Creatures
  2 unseen horrors (D:10)
  A centaur zombie (D:10)
  The ghost of Azzok the Fighter, an amateur MiFi (D:4)
  A troll (D:10)
  Prince Ribbit (D:6)
  Sigmund (D:6)
  A spriggan (D:8)
  4 fire bats (D:9)
  A hell hound (D:9)
  3 ice beasts
  An orc warrior (D:9)
  Purgy (Sewer)
  A necrophage (D:10)
  A sky beast (D:5)
  5 centaurs
  A crocodile (D:10)
  4 ogres
  4 bullfrogs
  8 killer bees
  A howler monkey (D:5)
  2 lava snakes (D:9)
  3 crimson imps
  A quasit (D:10)
  A bullfrog zombie (D:8)
  A gnoll shaman (D:8)
  3 hounds
  2 jellies
  A centaur skeleton (D:5)
  An orc priest (D:3)
  9 orc wizards
  A bullfrog skeleton (D:5)
  5 iguanas
  Ijyb (D:3)
  9 worker ants
  A killer bee zombie (D:6)
  2 hound skeletons
  4 gnolls (D:8)
  16 adders
  A shadow imp (D:10)
  5 oozes
  4 adder skeletons
  An adder zombie (D:8)
  2 worms (D:2)
  A dart slug (D:5)
  6 leopard geckos
  31 orcs
  6 giant cockroaches
  7 goblins
  10 hobgoblins
  5 jackals
  3 kobolds
  4 quokkas
  3 ball pythons
  7 bats
  13 frilled lizards
  A jackal skeleton (D:6)
  A leopard gecko skeleton (D:5)
  A quokka skeleton (D:8)
  2 quokka zombies
  8 rats
  2 fire vortices (D:9)
230 creatures vanquished.

Vanquished Creatures (others)
  A crocodile (D:9)
  A fire vortex (D:9)
2 creatures vanquished.

Grand Total: 232 creatures vanquished

Notes
Turn   | Place    | Note
-------+----------+-------------------------------------------
     0 | D:1      | Azzok the Minotaur Fighter began the quest for the Orb.
     0 | D:1      | Reached XP level 1. HP: 19/19 MP: 0/0
   170 | D:1      | Reached skill level 4 in Fighting
   431 | D:1      | Reached XP level 2. HP: 27/27 MP: 1/1
  1034 | D:2      | Reached skill level 5 in Fighting
  1043 | D:2      | Reached XP level 3. HP: 35/36 MP: 2/2
  1528 | D:2      | Reached XP level 4. HP: 44/44 MP: 3/3
  1533 | D:2      | Reached skill level 6 in Fighting
  2013 | D:2      | Found a faded altar of an unknown god.
  2404 | D:2      | Reached XP level 5. HP: 41/51 MP: 4/4
  2512 | D:3      | Reached skill level 7 in Fighting
  2529 | D:3      | Noticed Ijyb
  2545 | D:3      | Killed Ijyb
  2838 | D:3      | Reached skill level 8 in Fighting
  2838 | D:3      | Reached XP level 6. HP: 38/61 MP: 5/5
  3099 | D:4      | Noticed Azzok's ghost (amateur MiFi)
  3108 | D:4      | Killed Azzok's ghost
  3108 | D:4      | Reached skill level 9 in Fighting
  3108 | D:4      | Reached XP level 7. HP: 37/71 MP: 6/6
  3451 | D:4      | Reached skill level 10 in Fighting
  3966 | D:4      | Reached skill level 11 in Fighting
  4203 | D:5      | Entered Level 5 of the Dungeon
  4286 | D:5      | Reached XP level 8. HP: 62/82 MP: 7/7
  4563 | D:5      | Reached skill level 1 in Bows
  4597 | D:5      | Gained mutation: You tend to lose your temper in combat. [mutagenic meat]
  4598 | D:5      | Gained mutation: Scrolls take you a little longer to read. [mutagenic meat]
  4599 | D:5      | Gained mutation: You are robust. (+10% HP) [mutagenic meat]
  4600 | D:5      | Gained mutation: Your body sometimes deteriorates upon taking damage. [mutagenic meat]
  4601 | D:5      | Gained mutation: You are dopey. (Int -2) [mutagenic meat]
  4801 | D:5      | Found a glowing drain.
  4848 | Sewer    | Entered a sewer
  4948 | Sewer    | Noticed Purgy
  4961 | Sewer    | Killed Purgy
  4961 | Sewer    | Reached skill level 12 in Fighting
  5872 | D:6      | Noticed Sigmund
  6149 | D:6      | Noticed Prince Ribbit
  6169 | D:6      | Killed Prince Ribbit
  6469 | D:6      | Killed Sigmund
  6469 | D:6      | Reached skill level 13 in Fighting
  6469 | D:6      | Reached XP level 9. HP: 84/102 MP: 8/8
  6904 | D:7      | Got a jewelled short sword
  6905 | D:7      | Identified the +3 short sword of Keomum {chaos, Dex+2} (You found it on level 7 of the Dungeon)
  7913 | D:8      | Reached skill level 14 in Fighting
  8494 | D:9      | Reached skill level 5 in Bows
  8654 | D:9      | Reached skill level 15 in Fighting
  8811 | D:9      | Reached XP level 10. HP: 100/115 MP: 9/9
  9412 | D:10     | Entered Level 10 of the Dungeon
  9519 | D:10     | Killed an unseen horror
  9519 | D:10     | Reached skill level 16 in Fighting
  9681 | D:10     | Killed an unseen horror
 10135 | D:10     | Found a staircase to the Lair.
 10454 | D:11     | Noticed a hill giant
 10454 | D:11     | Found Tejy's Assorted Antiques.
 10532 | D:11     | Noticed a gargoyle
 10569 | D:11     | HP: 1/118 [gargoyle/stone arrow (18)]
 10570 | D:11     | Mangled by a gargoyle

Skill      XL: |  1  2  3  4  5  6  7  8  9 10 |
---------------+-------------------------------+-----
Fighting       | 4 5 6 8 9 11 13 15 16 | 16.7
Bows           | 4 5 7 |  7.6
Long Blades    | |  2.4
Armour         | |  3.6
Shields        | |  3.6

Action                   |  1- 3 |  4- 6 |  7- 9 | 10-12 || total
-------------------------+-------+-------+-------+-------++-------
Melee: Long sword        |    83 |   109 |   217 |       ||   409
       Headbutt          |     6 |    18 |    86 |    61 ||   171
       Short sword       |       |       |   140 |   199 ||   339
  Use: Potion            |       |     1 |       |       ||     1
       Scroll            |       |       |     8 |     3 ||    11
 Stab: Paralysed         |       |       |     1 |     6 ||     7
       Petrified         |       |       |     1 |     2 ||     3
       Confused          |       |       |     1 |       ||     1
       Petrifying        |       |       |       |     1 ||     1
  Eat: Chunk             |     2 |     5 |    23 |     6 ||    36
       Beef jerky        |       |       |     1 |       ||     1
Armor: Scale mail        |    45 |    58 |   129 |       ||   232
       Plate armour      |       |       |    18 |     2 ||    20
       Chain mail        |       |       |    13 |   102 ||   115
Dodge: Dodged            |    32 |    42 |   110 |    31 ||   215
Block: Shield            |    53 |    64 |   193 |   122 ||   432
       Rpst.: Long sword |    10 |    14 |    24 |       ||    48
